Map: Ancient Cistern LE

Players

A.I. 1 (Very Easy) - Winner!

  • Race: Protoss Protoss
  • Spawn Location: 1:00

Vindicta

  • Race: Terran Terran
  • League: Grandmaster
  • Spawn Location: 7:00

VOD

Have the link to the VOD?

Description

Time

  • Played on: Aug. 16, 2023, 12:34 p.m.
  • Length: 9:19
Show
View Real Time Build Order
Export as new Build Order

A.I. 1 (Very Easy) Protoss - Winner!

Build Orders: 1 Gate Expand, Nexus First 

Get SALT Encoding   

  12  0:00  Probe  
  13  0:13  Probe  
  14  0:20  Pylon  
  14  0:43  Gateway  
  14  1:00  Nexus  
  14  1:19  Pylon  
  14  1:22  Zealot  
  14  1:23  Assimilator  
  16  1:33  Probe  
  16  1:36  Cybernetics Core  
  17  1:42  Probe  
  18  1:52  Probe  
  19  2:02  Probe  
  19  2:03  Assimilator  
  20  2:11  Probe  
  20  2:13  Stalker  
  20  2:15  Probe  
  23  2:22  Probe  
  24  2:26  Warp Gate  
  25  2:33  Probe  
  26  2:44  Probe  
  26  2:46  Assimilator  
  26  2:48  Pylon  
  27  2:51  Probe  
  28  2:58  Probe  
  28  3:03  Probe  
  29  3:12  Robotics Facility  
  30  3:13  Probe  
  30  3:16  Probe  
  31  3:23  Probe  
  32  3:30  Zealot  
  35  3:34  Probe  
  35  3:39  Probe  
  37  3:48  Probe  
  38  3:55  Probe  
  38  3:58  Observer  
  40  4:03  Probe  
  41  4:10  Probe, Assimilator  
  41  4:12  Observer  
  41  4:14  Probe  
  44  4:24  Probe  
  44  4:27  Probe  
  44  4:30  Pylon  
  46  4:38  Probe  
  47  4:46  Sentry, Probe  
  42  6:03  Zealot  
  44  7:19  Zealot  
  46  8:35  Sentry  
  48  8:53  Observer  
Show
View Real Time Build Order
Export as new Build Order

Vindicta Terran 

Build Orders:  

Get SALT Encoding   

  12  0:01  SCV  
  13  0:13  SCV  
  14  0:17  Supply Depot  
  14  0:25  SCV  
  15  0:39  Barracks, SCV  
  16  0:43  Refinery  
  16  0:51  SCV  
  17  1:03  SCV  
  18  1:15  SCV  
  19  1:26  Marine  
  19  1:28  Orbital Command  
  20  1:40  Command Center  
  20  1:47  Barracks Reactor  
  20  1:52  Supply Depot  
  20  1:55  SCV  
  21  2:07  SCV  
  22  2:09  Barracks  
  22  2:19  SCV  
  22  2:20  Barracks  
  23  2:24  Marine x2  
  25  2:31  SCV  
  26  2:41  Marine  
  26  2:42  Marine  
  26  2:43  SCV  
  29  2:54  Orbital Command  
  29  2:55  SCV  
  29  2:58  Barracks Tech Lab  
  30  2:59  Marine  
  30  3:00  Marine  
  32  3:08  SCV  
  32  3:11  Barracks Tech Lab  
  33  3:14  Supply Depot  
  33  3:16  Marauder, Stimpack  
  33  3:17  Marine  
  33  3:19  SCV  
  37  3:20  SCV  
  37  3:22  Marine  
  39  3:31  Combat Shield, SCV  
  39  3:32  Marine, SCV  
  42  3:35  Marine  
  42  3:38  Supply Depot  
  45  3:41  Marauder  
  45  3:42  Marine  
  45  3:43  SCV  
  45  3:44  SCV  
  48  3:50  Engineering Bay  
  48  3:52  Refinery  
  48  3:55  SCV  
  48  3:56  SCV  
  48  4:00  Marauder  
  48  4:01  Marine  
  48  4:02  Marine  
  54  4:07  Marauder  
  54  4:08  SCV x2  
  58  4:10  Supply Depot  
  58  4:20  Missile Turret, SCV  
  58  4:21  Marauder, SCV  
  62  4:32  Marine, SCV  
  62  4:33  Supply Depot, SCV  
  65  4:38  Refinery  
  65  4:42  Factory  
  65  4:44  SCV  
  66  4:45  SCV  
  66  4:49  Terran Infantry Weapons Level 1  
  66  4:50  Marine x2  
  69  4:59  Concussive Shells, SCV x2  
  71  5:04  Refinery  
  71  5:06  Supply Depot  
  71  5:07  Marine  
  71  5:08  Marine  
  71  5:11  SCV  
  71  5:12  SCV  
  75  5:20  Marine  
  75  5:21  Marine  
  76  5:23  SCV  
  76  5:24  SCV  
  76  5:27  Starport  
  76  5:28  Marauder x2  
  82  5:29  Factory Reactor  
  82  5:32  Supply Depot  
  83  5:38  Marine x2  
  84  5:49  Marine  
  85  5:51  Command Center  
  85  5:53  Marauder  
  85  5:54  Supply Depot  
  85  5:56  Marine  
  90  5:58  Supply Depot  
  88  6:04  Marine  
  88  6:05  Barracks  
  88  6:07  Marauder, Barracks  
  88  6:11  Factory Reactor, Medivac  
  91  6:14  Marine  
  91  6:15  Marauder, Medivac  
  98  6:21  Supply Depot  
  98  6:22  Marine  
  99  6:27  Ghost Academy  
  99  6:29  Marauder  
  99  6:32  Supply Depot, Marine, SCV x2  
  104  6:37  Marauder  
  106  6:40  Marine  
  106  6:41  Medivac  
  106  6:43  Terran Infantry Armor Level 1  
  106  6:44  Supply Depot  
  111  6:47  Widow Mine  
  111  6:48  Widow Mine  
  111  6:49  Marine  
  111  6:50  Medivac  
  111  6:53  SCV x2  
  120  6:54  Marauder  
  120  6:58  Marauder, Marine  
  120  6:59  Supply Depot  
  120  7:00  Barracks Tech Lab, Barracks Reactor  
  123  7:06  SCV  
  123  7:08  SCV  
  125  7:12  Widow Mine x2  
  131  7:16  Marauder  
  131  7:17  Viking  
  131  7:18  SCV  
  131  7:20  Viking  
  131  7:22  SCV  
  137  7:26  Orbital Command  
  137  7:29  Ghost  
  139  7:35  SCV  
  142  7:38  SCV  
  142  7:39  Marine x2  
  142  7:43  Ghost  
  142  7:44  Refinery  
  145  7:48  SCV  
  148  7:52  Supply Depot, SCV x2  
  148  7:54  Supply Depot  
  148  7:57  Ghost  
  152  8:00  SCV  
  152  8:02  Viking x2  
  152  8:04  SCV  
  152  8:05  SCV  
  157  8:13  Armory  
  157  8:14  Engineering Bay, SCV  
  157  8:15  Marine  
  157  8:16  SCV  
  157  8:17  Supply Depot  
  157  8:19  Supply Depot, Ghost  
  163  8:22  Supply Depot  
  163  8:23  Marine x2  
  164  8:31  SCV  
  164  8:32  Viking x2  
  164  8:33  SCV  
  170  8:37  SCV  
  170  8:38  Refinery  
  171  8:43  Ghost, SCV  
  171  8:45  Marine  
  171  8:47  SCV  
  176  8:49  Marine x3  
  176  8:51  Marauder, Command Center  
  183  9:09  Barracks  
  185  9:11  Barracks  
  185  9:12  Barracks  
Tags
 
Add a new tag
Caveats
  • Supply blocks, unpowered buildings, or Contaminate may cause inaccurate times.
  • Supply counts are checked every 10 seconds.